 Dungeon Crawl Stone Soup version 0.31-a0-1603-gbec6b6ccbf (webtiles) character file.

Game seed: 5060969087338946637

65 jasper the Changeling (level 3, -2/17 HPs)
             Began as a Spriggan Shapeshifter on Jan 7, 2024.
             Slain by a ribbon worm (5 damage)
             ... on level 2 of the Dungeon.
             The game lasted 00:02:20 (1422 turns).

jasper the Changeling (Spriggan Shapeshifter)       Turns: 1422, Time: 00:02:21

Health: -2/17      AC:  2    Str: 12    XL:     3   Next: 94%
Magic:  4/4        EV: 16    Int: 11    God:
Gold:   173        SH:  4    Dex: 14    Spells: 2/2 levels left

rFire   + .          .
                       - Unarmed
rCold   . . .        h - +0 buckler
rNeg    . . .        a - +0 animal skin
rPois   .            (helmet currently unavailable)
rElec   .            (cloak currently unavailable)
rCorr   .            (gloves unavailable)
SInv    +            (boots unavailable)
Will    .....        (no amulet)
Stlth   +            j - ring of protection from fire
HPRegen 0.22/turn    (no ring)
MPRegen 0.09/turn

%: no passive effects
@: beast-form, very quick
A: beast (slay +3), very small, no large weapons, unfitting armour, see
invisible, speed 3
a: Begin Untransformation


You were on level 2 of the Dungeon.
You were a hulking beast.
You visited 1 branch of the dungeon, and saw 2 of its levels.

You collected 173 gold pieces.

Inventory:

Missiles
 g - 6 stones
 k - a poisoned dart (quivered)
Armour
 a - a +0 animal skin (worn)
 h - a +0 buckler (worn)
 i - a +0 hat
 m - an orb of wrath
 n - a +0 cloak
Jewellery
 j - a ring of protection from fire (left hand)
Talismans
 c - a beast talisman
 d - a flux talisman
Scrolls
 l - a scroll of torment {unknown}
Potions
 b - a potion of lignification
 e - 2 potions of heal wounds {unknown}
 f - a potion of curing


   Skills:
 - Level 0.7 Fighting
 - Level 2.6 Dodging
 - Level 2.4 Unarmed Combat
 + Level 6.1 Shapeshifting


You had 2 spell levels left.
You didn't know any spells.
Your spell library contained the following spells:

 Spells                   Type           Power      Damage    Failure   Level
 Sandblast                Erth           0%         2d4       45%         1
 Mercury Vapours          Alch/Air       0%         N/A       61%         2
 Mephitic Cloud           Conj/Alch/Air  0%         N/A       83%         3
 Passwall                 Erth           0%         N/A       83%         3
 Stone Arrow              Conj/Erth      0%         3d7       83%         3
 Brom's Barrelling Bould  Conj/Erth      0%         2d3       99%         4
 Freezing Cloud           Conj/Ice/Air   0%         6-21      100%        5


Dungeon Overview and Level Annotations

Branches:
Dungeon (2/15)

Altars:


Innate Abilities, Weirdness & Mutations

You are a hulking beast.
Your limbs bulge with bestial killing power. (Slay +3)
You are very small and have problems with some larger weapons.
You are too small for most types of armour.
You have supernaturally acute eyesight. (SInv)
You cover ground extremely quickly. (Speed+++)


Message History

The web tears apart.
A ball python comes into view.
You start resting.
A ribbon worm is nearby!
You regained 4 hp, and now have 14/17 hp.
You hit the ribbon worm.
The ribbon worm is moderately wounded.
The ribbon worm closely misses you.
You punch the ribbon worm!
The ribbon worm is severely wounded.
The ribbon worm bites you.
You take 5 damage, and have 9/17 hp.
MASSIVE DAMAGE!!
You barely miss the ribbon worm.
The ribbon worm is severely wounded.
The ribbon worm bites you.
* * * LOW HITPOINT WARNING * * *
You take 4 damage, and have 5/17 hp.
MASSIVE DAMAGE!!
You hit the ribbon worm.
The ribbon worm is severely wounded.
The ball python closely misses you. The ball python misses you.
You hit the ribbon worm but do no damage.
The ribbon worm is severely wounded.
The ball python misses you. The ball python closely misses you.
The ribbon worm misses you.
You hit the ribbon worm.
The ribbon worm is almost dead.
The ball python bites you but does no damage.
The ball python completely misses you.
The ribbon worm expels a string of sticky webbing.
The stream of webbing hits you but does no damage.
You are caught in a web!
The ball python closely misses you. x2
The web tears apart.
The ball python bites you.
* * * LOW HITPOINT WARNING * * *
The ball python misses you. The ribbon worm bites you.
* * * LOW HITPOINT WARNING * * *
You take 2 damage, and have 3/17 hp.
You barely miss the ribbon worm.
The ribbon worm is almost dead.
The ball python misses you. x2; The ribbon worm bites you.
You die...

#.# #.# #.# #.#### #.#
#.# ### #.##.. ..# #.#
..# #.##.# #.# #.# #.#
#.##.# #.# #.# #.#
#.##.# #.# #.# #
#.###S##.#####.# #.#
#.#....hw........###.#
#....................#
######################


You could see a ribbon worm and a ball python.

Vanquished Creatures
  A gnoll (D:1)
  An adder (D:2)
  A ribbon worm (D:2)
  2 orcs (D:2)
  9 ball pythons
  3 bats (D:1)
  An endoplasm (D:1)
  3 giant cockroaches
  2 goblins (D:2)
  2 hobgoblins (D:2)
  4 kobolds (D:1)
  3 quokkas (D:1)
  5 frilled lizards (D:1)
  4 rats (D:1)
41 creatures vanquished.

Notes
Turn   | Place    | Note
-------+----------+-------------------------------------------
     0 | D:1      | jasper the Spriggan Shapeshifter began the quest for the
                  | Orb.
     0 | D:1      | Reached XP level 1. HP: 9/9 MP: 2/2
   113 | D:1      | Reached XP level 2. HP: 14/14 MP: 3/3
   280 | D:1      | Reached skill level 5 in Shapeshifting
   531 | D:1      | Reached XP level 3. HP: 6/17 MP: 4/4
  1021 | D:2      | Reached skill level 6 in Shapeshifting
  1083 | D:2      | Found a faded altar of an unknown god.
  1422 | D:2      | Slain by a ribbon worm

Illustrated notes

Levels and vault maps discovered:
D:1:      minmay_arrival_radiant_lines, layout_basic
D:2:      layout_loops_ring, basic_altar,
          hellmonk_ecumenical_altar_defaced_shrine

Skill      XL: |  1  2  3 |
---------------+----------+-----
Shapeshifting  | 5 6 |  6.1
Fighting       | |  0.7
Dodging        | |  2.6
Unarmed Combat | |  2.4

Action                     || total
---------------------------++-------
  Melee: Unarmed           ||   115
  Throw: Dart              ||     5
    Use: Scroll            ||     2
   Stab: Sleeping          ||     3
 Armour: Animal skin       ||    34
  Dodge: Dodged            ||    73
  Block: Buckler           ||    16

Table legend: (Time is in decaauts)
 A = Elapsed time spent in this place.
 B = Non-inter-level travel time spent in this place.
 C = Inter-level travel time spent in this place.
 D = Time resting spent in this place.
 E = Time spent auto-exploring this place.
 F = Levels seen in this place.
 G = Mean time per level.
                   A        B        C        D        E       F      G
               +--------+--------+--------+--------+--------+-----+--------+
         Total |   1056 |   1025 |     31 |    222 |    486 |   2 |  528.0 |
       Dungeon |   1056 |   1025 |     31 |    222 |    486 |   2 |  528.0 |
               +--------+--------+--------+--------+--------+-----+--------+

Top non-repeatable levels by time:
     D:1: 562 daAuts
     D:2: 494 daAuts
